 Dungeon Crawl Stone Soup version 0.26-a0-778-g3fe0686644 (webtiles) character file.

Game seed: 18275221642851384861

91 dickylongcocking the Insei (level 4, 0/42 HPs)
             Began as an Octopode Transmuter on Nov 8, 2020.
             Succumbed to an adder's poison
             ... on level 2 of the Dungeon on Nov 10, 2020.
             The game lasted 00:02:45 (1925 turns).

dickylongcocking the Insei (Octopode Transmuter)    Turns: 1925, Time: 00:02:45

Health: 0/42       AC:  1    Str:  9    XL:     4   Next: 59%
Magic:  7/7        EV: 13    Int: 16    God:
Gold:   30         SH:  0    Dex: 12    Spells: 3/7 levels left

rFire    . . .     SeeInvis .     - Unarmed
rCold    . . .     Faith    .   (no shield)
rNeg     . . .     Spirit   .   (helmet restricted)
rPois    .         Reflect  .   (no amulet)
rElec    .         Harm     .   g - ring of wizardry
rCorr    .         Rampage  .   (no ring)
MR       .....                  (no ring)
Stlth    ..........             (no ring)
HPRegen  0.14/turn              (no ring)
MPRegen  0.10/turn              (no ring)
                                (no ring)
                                (no ring)

@: berserking (expiring), lethally poisoned (0 -> -4), very quick
A: almost no armour, stealthy swim, amphibious, 8 rings, constrict 8, camouflage
1, gelatinous body 1
a: no special abilities


You were on level 2 of the Dungeon.
You visited 1 branch of the dungeon, and saw 2 of its levels.

You collected 30 gold pieces.

Inventory:

Jewellery
 g - a ring of wizardry (left tentacle)
Scrolls
 b - a scroll of identify
Potions
 a - 4 potions of attraction {unknown}
 e - a potion of curing {unknown}
 h - a potion of magic {unknown}


   Skills:
 + Level 1.0 Fighting
 + Level 2.4 Dodging
 + Level 1.9 Stealth
 + Level 4.1 Unarmed Combat
 + Level 2.4 Spellcasting
 + Level 2.4 Transmutations


You had 3 spell levels left.
You knew the following spells:

 Your Spells              Type           Power        Failure   Level
a - Beastly Appendage     Tmut           #.....       3%          1
b - Spider Form           Tmut/Pois      #.........   16%         3

Your spell library contained the following spells:

 Spells                   Type           Power        Failure   Level
 Wereblood                Tmut           #.......     4%          2
 Ice Form                 Ice/Tmut       #.......     43%         4
 Blade Hands              Tmut           #.........   58%         5


Dungeon Overview and Level Annotations

Branches:
Dungeon (2/15)

Altars:


Innate Abilities, Weirdness & Mutations

You cannot wear most types of armour.
You are very stealthy in the water. (Stealth+)
You are amphibious.
You can wear up to eight rings at the same time.
You can use your tentacles to constrict eight enemies at once.
Your skin changes colour to match your surroundings (Stealth+).
Your rubbery body absorbs attacks. (AC +1, EV +1)


Message History

The adder barely misses you. The adder bites you.
* * * LOW HITPOINT WARNING * * *
Unknown command.
You bludgeon the adder!
You kill the adder!
The frilled lizard closely misses you.
A goblin comes into view.
The adder misses you.
Unknown command.
You closely miss the frilled lizard.
The goblin shouts!
Your grab misses the frilled lizard. Your squeeze misses the frilled lizard.
The adder bites you.
* * * LOW HITPOINT WARNING * * *
You are lethally poisoned!
The adder poisons you! The frilled lizard bites you.
* * * LOW HITPOINT WARNING * * *
You barely miss the adder. You grab the adder. Your squeeze misses the adder.
You constrict the adder, but do no damage.
You die...

###..........#
#.#
....####..####
#.# ##### #..#
#.# ### #....
#.# ))# #.####
####.# #)# #.#
#....# #)# #..
#.#### #)#
#..##.#####.#
#)#
≈...≈hS@)..#
#)#
....≈≈hl≈..#
))#
≈≈≈≈≈w≈≈≈..#
)##
≈≈≈≈≈≈≈≈≈..#
##
≈≈≈≈≈≈≈≈.≈.#
≈≈..♣≈≈≈...#
≈≈≈_.≈≈≈≈..#
≈≈.≈≈≈≈≈≈g.#


You could see a worm, an adder, 2 jackals, a goblin and a frilled lizard.

Vanquished Creatures
  Crazy Yiuf (D:2)
  3 adders (D:2)
  An ooze (D:2)
  A dart slug (D:2)
  2 leopard geckos (D:1)
  A giant cockroach (D:2)
  4 hobgoblins (D:2)
  8 jackals (D:2)
  3 kobolds
  A bat (D:1)
  A frilled lizard (D:1)
  A rat (D:1)
27 creatures vanquished.

Vanquished Creatures (others)
  A hobgoblin (D:1)
1 creature vanquished.

Grand Total: 28 creatures vanquished

Notes
Turn   | Place    | Note
-------+----------+-------------------------------------------
     0 | D:1      | dickylongcocking the Octopode Transmuter began the quest
                  | for the Orb.
     0 | D:1      | Reached XP level 1. HP: 13/13 MP: 3/3
    74 | D:1      | Upgraded the game from 0.26-a0-771-g060e6a62af to
                  | 0.26-a0-778-g3fe0686644
   348 | D:1      | Reached XP level 2. HP: 16/18 MP: 5/5
  1054 | D:2      | Reached XP level 3. HP: 23/23 MP: 6/6
  1061 | D:2      | Found a runed translucent door.
  1064 | D:2      | Noticed Crazy Yiuf
  1095 | D:2      | Learned a level 3 spell: Spider Form
  1104 | D:2      | Killed Crazy Yiuf
  1104 | D:2      | Reached skill level 1 in Stealth
  1378 | D:2      | Reached XP level 4. HP: 28/28 MP: 7/7
  1399 | D:2      | Reached skill level 4 in Unarmed Combat
  1908 | D:2      | Found a faded altar of an unknown god.
  1924 | D:2      | HP: 1/42 [frilled lizard (3)]
  1925 | D:2      | Succumbed to an adder's poison

Illustrated notes

Levels and vault maps discovered:
D:1:      wander_arrival_lonely_grave, layout_basic, lemuel_flame_loot_1
D:2:      layout_loops_ring, gammafunk_temple_overflow_wave,
          chequers_ecumenical_altar_island, uniq_crazy_yiuf_cottage

Skill      XL: |  1  2  3  4 |
---------------+-------------+-----
Stealth        | 1 |  1.9
Unarmed Combat | 4 |  4.1
Fighting       | |  1.0
Dodging        | |  2.4
Spellcasting   | |  2.4
Transmutations | |  2.4

Action                   |  1- 3 |  4- 6 || total
-------------------------+-------+-------++-------
Melee: Unarmed           |    39 |    43 ||    82
       Constrict         |    16 |     9 ||    25
       Tentacles         |     7 |     3 ||    10
 Cast: Beastly Appendage |     1 |       ||     1
  Use: Potion            |     1 |     1 ||     2
       Scroll            |       |     3 ||     3
 Stab: Sleeping          |     5 |       ||     5
Armor: Skin              |     1 |     4 ||     5
Dodge: Dodged            |    26 |    40 ||    66

Table legend: (Time is in decaauts)
 A = Elapsed time spent in this place.
 B = Non-inter-level travel time spent in this place.
 C = Inter-level travel time spent in this place.
 D = Time resting spent in this place.
 E = Time spent auto-exploring this place.
 F = Levels seen in this place.
 G = Mean time per level.
                   A        B        C        D        E       F      G
               +--------+--------+--------+--------+--------+-----+--------+
         Total |   1931 |   1911 |     20 |    393 |   1285 |   2 |  965.5 |
       Dungeon |   1931 |   1911 |     20 |    393 |   1285 |   2 |  965.5 |
               +--------+--------+--------+--------+--------+-----+--------+

Top non-repeatable levels by time:
     D:2: 1106 daAuts
     D:1: 824 daAuts
